Map: Ultralove

Players

ManlyManMeat

  • Race: Protoss Protoss
  • Spawn Location: 7:00

asdqweasd - Winner!

  • Race: Terran Terran
  • League: Gold
  • Spawn Location: 1:00

VOD

Have the link to the VOD?

Description

Time

  • Played on: May 14, 2025, 4:26 a.m.
  • Length: 5:09
Show
View Real Time Build Order
Export as new Build Order

ManlyManMeat Protoss 

Build Orders:  

Get SALT Encoding   

  10  5:03  Pylon  
Show
View Real Time Build Order
Export as new Build Order

asdqweasd Terran - Winner!

Build Orders:  

Get SALT Encoding   

  12  0:01  SCV  
  13  0:18  Supply Depot  
  13  0:22  SCV  
  14  0:35  SCV  
  15  0:38  Refinery  
  15  0:47  Barracks, SCV  
  16  0:59  SCV, Refinery  
  17  1:11  SCV  
  18  1:23  SCV  
  18  1:24  Supply Depot  
  19  1:35  SCV  
  19  1:38  Barracks Reactor  
  20  1:47  SCV  
  20  1:53  Factory  
  21  1:59  SCV  
  22  2:04  Supply Depot  
  22  2:16  Orbital Command  
  22  2:19  Marine x2  
  24  2:37  Starport  
  24  2:39  Factory Reactor  
  24  3:13  Marine  
  24  3:14  Marine  
  24  3:16  Starport Tech Lab  
  24  3:19  Fusion Core  
  26  3:22  Engineering Bay  
  26  3:24  SCV  
  27  3:29  Hellion x2  
  31  3:38  Supply Depot  
  31  3:51  Missile Turret  
  31  4:01  Hellion x2  
  41  4:25  Supply Depot  
  41  4:37  Widow Mine x2  
  45  4:50  Supply Depot  
Tags
 
League
Gold
Matchup
PvT
Spawn Locations
Cross Positions
Add a new tag
Caveats
  • Supply blocks, unpowered buildings, or Contaminate may cause inaccurate times.
  • Supply counts are checked every 10 seconds.